 Dungeon Crawl Stone Soup version 0.26-a0-477-g38aef04 (webtiles) character file.

Game seed: 580951407942076386

475 robertstho the Quickloader (level 7, -1/41 HPs)
             Began as a Kobold Hunter on July 31, 2020.
             Slain by a mummy (13 damage)
             ... in an ossuary.
             The game lasted 00:04:20 (3833 turns).

robertstho the Quickloader (Kobold Hunter)          Turns: 3833, Time: 00:04:20

Health: -1/41      AC:  8    Str: 11    XL:     7   Next: 32%
Magic:  6/6        EV:  7    Int: 12    God:
Gold:   258        SH:  0    Dex: 16    Spells: 6/6 levels left

rFire    . . .     SeeInvis .   b - +0 short sword
rCold    . . .     Faith    .   (shield restricted)
rNeg     . . .     Spirit   .   e - +0 chain mail
rPois    .         Reflect  .   (no helmet)
rElec    .         Harm     .   (no cloak)
rCorr    .                      (no gloves)
MR       .....                  (no boots)
Stlth    ..........             (no amulet)
HPRegen  0.13/turn              (no ring)
MPRegen  0.10/turn              (no ring)

@: confused, flying
A: small, low mp 1, mutation resistance 1, nightstalker 3
a: no special abilities


You were in an ossuary.
You visited 1 branch of the dungeon, and saw 4 of its levels.
You also visited: Ossuary.

You collected 258 gold pieces.

Inventory:

Hand Weapons
 a - a +1 hand crossbow
 b - a +0 short sword (weapon)
Missiles
 d - 12 bolts
Armour
 e - a +0 chain mail (worn)
Jewellery
 m - a cursed amulet of inaccuracy {unknown}
Scrolls
 f - a scroll of fog {unknown}
 i - a scroll of blinking {unknown}
 j - a scroll of amnesia {unknown}
 k - a scroll of fear {unknown}
 l - 2 scrolls of teleportation {unknown}
 q - a scroll of remove curse {unknown}
 t - a scroll of immolation {unknown}
 u - a scroll of noise {unknown}
Potions
 g - a potion of brilliance {unknown}
 h - 2 potions of ambrosia
 n - 2 potions of cancellation {unknown}
 o - 2 potions of invisibility {unknown}
 p - a potion of curing {unknown}
 r - a potion of heal wounds {unknown}


   Skills:
 * Level 3.5 Fighting
 * Level 8.9 Crossbows
 + Level 0.6 Armour
 + Level 2.4 Dodging
 * Level 3.2 Stealth


You had 6 spell levels left.
You didn't know any spells.
Your spell library was empty.

Dungeon Overview and Level Annotations

Branches:
Dungeon (4/15)            Ossuary (1/1)
 Temple: D:4-7

Altars:
Hepliaklqana
Sif Muna
Uskayaw
Wu Jian
Xom

Annotations:
Ossuary Menkaure


Innate Abilities, Weirdness & Mutations

You are small and have problems with some larger weapons.
You are completely attuned to the shadows.
Your magical capacity is low. (-10% MP)
You are somewhat resistant to further mutation.


Message History

It was a potion of mutation.
You feel extremely strange.
You feel less energetic.
You feel genetically stable.
A mummy comes into view.
It was a potion of flight.
You feel very buoyant.
You fly up into the air.
The mummy hits you.
Menkaure grins.
It was a potion of ambrosia.
You are confused.
You feel invigorated.
b - a +0 short sword (weapon)
Sorry, you're not good enough to have a special ability.
Menkaure hits you but does no damage. The mummy hits you!
Menkaure calls on the powers of darkness!
Your body is wracked with pain!
* * * LOW HITPOINT WARNING * * *
There is an open door, spattered with blood here.
You see here 2 bolts.
The mummy hits you!
You die...

#....'.#..#
#....#.'..#
########..#
?$??..#....#.#..#
!((...#....#.#..#
...(..#....'.'..#
...MMM#....###..#
###(#######.#..#
#..M@#....#.#..#
#....#....#.'..#
#....#....###..#
#....#....#.#..#
###'###'###.#..#
#...#...#...#..#
#+###'###'###'###..#
...................#
..................∩#


You could see Menkaure (fast) and 2 mummies.

Vanquished Creatures
  A wyvern zombie (D:3)
  An elf skeleton (D:4)
  5 centaur zombies (Ossuary)
  A human skeleton (D:4)
  A mummy (Ossuary)
  7 adders
  3 oozes
  4 worms
  2 leopard geckos
  A ball python (D:1)
  3 bats
  2 giant cockroaches
  8 goblins
  7 hobgoblins
  A quokka (D:2)
  4 frilled lizards
  A goblin zombie (Ossuary)
  2 hobgoblin zombies (Ossuary)
  8 kobolds
  4 kobold zombies (Ossuary)
  An orc zombie (Ossuary)
  4 quokka zombies (Ossuary)
  11 rats
82 creatures vanquished.

Notes
Turn   | Place    | Note
-------+----------+-------------------------------------------
     0 | D:1      | robertstho the Kobold Hunter began the quest for the Orb.
     0 | D:1      | Reached XP level 1. HP: 12/12 MP: 1/1
    56 | D:1      | Reached skill level 5 in Crossbows
   269 | D:1      | Reached XP level 2. HP: 17/17 MP: 2/2
   704 | D:1      | Reached XP level 3. HP: 21/21 MP: 3/3
  1083 | D:2      | Reached skill level 6 in Crossbows
  1088 | D:2      | Found a shimmering blue altar of Sif Muna.
  1200 | D:2      | Reached XP level 4. HP: 25/26 MP: 4/4
  1748 | D:2      | Found a shimmering altar of Xom.
  1817 | D:2      | Found a hazy altar of Hepliaklqana.
  1819 | D:2      | Noticed a spectral ugly thing
  2028 | D:3      | Reached XP level 5. HP: 24/31 MP: 5/5
  2104 | D:3      | Found an ornate altar of the Wu Jian Council.
  2329 | D:3      | Reached skill level 7 in Crossbows
  2599 | D:3      | Reached XP level 6. HP: 37/37 MP: 6/6
  3099 | D:4      | Found a hide-covered altar of Uskayaw.
  3245 | D:4      | Found a sand-covered staircase.
  3253 | D:4      | Reached skill level 8 in Crossbows
  3257 | Ossuary  | Entered an ossuary
  3421 | Ossuary  | Reached XP level 7. HP: 35/41 MP: 7/7
  3818 | Ossuary  | Noticed Menkaure
  3828 | Ossuary  | Gained mutation: Your magical capacity is low. (-10% MP)
                  | [potion of mutation]
  3828 | Ossuary  | Gained mutation: You are somewhat resistant to further
                  | mutation. [potion of mutation]
  3833 | Ossuary  | Slain by a mummy

Illustrated notes

Levels and vault maps discovered:
D:1:      shiori_angband_town, layout_loops_ring
D:2:      layout_loops_ring, regret_index_temple_of_mockery, lemuel_doored_altar
D:3:      layout_loops_ring, marbit_many_paths
D:4:      minmay_angry_zag, layout_gridville, eat_drink_and_be_merry_uskayaw,
          kennysheep_mini, temple_statues, nicolae_ossuary_entry_catacombs,
          chequers_serial_rivers_micro_c
Ossuary:  ossuary_boxes_badplayer

Skill      XL: |  1  2  3  4  5  6 |
---------------+-------------------+-----
Crossbows      | 5 6 7 8 |  8.9
Stealth        | 2 3 |  3.2
Fighting       | 3 |  3.5
Armour         | |  0.6
Dodging        | |  2.4

Action                   |  1- 3 |  4- 6 |  7- 9 || total
-------------------------+-------+-------+-------++-------
 Fire: Hand crossbow     |    60 |   161 |    41 ||   262
  Use: Potion            |       |       |     3 ||     3
Armor: Chain mail        |    17 |    42 |    10 ||    69
Dodge: Dodged            |    11 |    36 |     8 ||    55

Table legend: (Time is in decaauts)
 A = Elapsed time spent in this place.
 B = Non-inter-level travel time spent in this place.
 C = Inter-level travel time spent in this place.
 D = Time resting spent in this place.
 E = Time spent auto-exploring this place.
 F = Levels seen in this place.
 G = Mean time per level.
                   A        B        C        D        E       F      G
               +--------+--------+--------+--------+--------+-----+--------+
         Total |   3871 |   3765 |    106 |      0 |   3225 |   5 |  774.2 |
       Dungeon |   3290 |   3184 |    106 |      0 |   2743 |   4 |  822.5 |
       Ossuary |    581 |    581 |      0 |      0 |    482 |   1 |  581.0 |
               +--------+--------+--------+--------+--------+-----+--------+

Top non-repeatable levels by time:
     D:3: 1101 daAuts
     D:2: 1033 daAuts
     D:1: 995 daAuts
 Ossuary: 581 daAuts
     D:4: 159 daAuts
